 Dungeon Crawl Stone Soup version 0.29-a0-982-gaed3a0c8d8 (webtiles) character file.

Game seed: 10372364675540213003

15 ytrimaz the Trooper (level 2, 0/24 HPs)
             Began as a Demonspawn Berserker on Aug 1, 2022.
             Was a Follower of Trog.
             Slain by a kobold
             ... wielding a +0 club
              (3 damage)
             ... on level 1 of the Dungeon.
             The game lasted 00:00:32 (556 turns).

ytrimaz the Trooper (Demonspawn Berserker)           Turns: 556, Time: 00:00:32

Health: 0/24       AC:  2    Str: 17    XL:     2   Next: 34%
Magic:  2/2        EV: 12    Int:  8    God:    Trog [*.....]
Gold:   13         SH:  0    Dex: 12    Spells: 1/1 levels left

rFire   . . .      SeeInvis .   a - +0 hand axe
rCold   . . .      Faith    .   (no shield)
rNeg    . . .      Spirit   .   b - +0 animal skin
rPois   .          Reflect  .   (no helmet)
rElec   .          Harm     .   (no cloak)
rCorr   .          Rampage  .   (no gloves)
Will    .....                   (no boots)
Stlth   +.........              (no amulet)
HPRegen 0.08/turn               (no ring)
MPRegen 0.08/turn               (no ring)

@: no status effects
A: powered by pain 1
a: Renounce Religion, Berserk


You were on level 1 of the Dungeon.
You worshipped Trog.
Trog was aware of your devotion.
You visited 1 branch of the dungeon, and saw 1 of its levels.

You collected 13 gold pieces.

Inventory:

Hand Weapons
 a - a +0 hand axe (weapon)
Armour
 b - a +0 animal skin (worn)
Scrolls
 c - a scroll of fear {unknown}
 d - 2 scrolls of enchant weapon {unknown}
 g - a scroll of fog {unknown}
 i - a scroll of poison {unknown}
Potions
 e - a potion of heal wounds {unknown}
 f - a potion of mutation {unknown}
 h - a potion of might {unknown}


   Skills:
 + Level 3.3 Fighting
 + Level 3.0 Axes
 + Level 1.8 Armour
 + Level 1.9 Dodging


You had one spell level left.
You didn't know any spells.
Your spell library was empty.

Dungeon Overview and Level Annotations

Branches:
Dungeon (1/15)

Altars:

Shops:
D:1 !


Innate Abilities, Weirdness & Mutations

You sometimes gain a little power by taking damage.


Message History

You barely miss the kobold.
A hobgoblin comes into view.
The kobold hits you with a +0 short sword.
You closely miss the kobold. The kobold completely misses you.
You hit the kobold.
You kill the kobold!
Trog accepts your kill. The kobold hits you but does no damage.
Things that are here:
a +0 short sword; 5 stones You closely miss the kobold.
You hit the rat. The kobold hits you with a +0 club. The rat bites you.
The kobold misses you. The rat misses you.
You closely miss the kobold. You hit the rat.
You kill the rat!
Trog accepts your kill.
You closely miss the hobgoblin. The hobgoblin closely misses you.
The kobold closely misses you.
Unknown command.
You hit the hobgoblin.
The hobgoblin is heavily wounded.
You closely miss the kobold. The hobgoblin hits you. The kobold misses you.
Unknown command.
You closely miss the hobgoblin.
The hobgoblin is heavily wounded.
You barely miss the kobold. The hobgoblin completely misses you.
The kobold hits you with a +0 club.
You completely miss the kobold. You closely miss the hobgoblin.
The hobgoblin closely misses you. The kobold hits you with a +0 club.
* * * LOW HITPOINT WARNING * * *
Unknown command.
You hit the kobold but do no damage. You hit the hobgoblin.
You kill the hobgoblin!
Trog accepts your kill. The kobold hits you with a +0 club.
* * * LOW HITPOINT WARNING * * *
Unknown command.
You closely miss the kobold. The kobold barely misses you. x2
You hit the kobold but do no damage. The kobold hits you with a +0 club.
You die...

#..... #..... #.....
#..... #..... #...!.
#..... #..... #.....
#.....############.....
#........>.............
#.......#..............
#.....@.######...##..##
#.....K.###......###.#
###+##...........###.##
###..............#
#.#......####..#
#......### #...
###.#### #... #.# #...
#.# #...


You could see a kobold.

Vanquished Creatures
  A dart slug (D:1)
  A goblin (D:1)
  4 hobgoblins (D:1)
  2 quokkas (D:1)
  A bat (D:1)
  A frilled lizard (D:1)
  A kobold (D:1)
  A rat (D:1)
12 creatures vanquished.

Notes
Turn   | Place    | Note
-------+----------+-------------------------------------------
     0 | D:1      | ytrimaz the Demonspawn Berserker began the quest for the
                  | Orb.
     0 | D:1      | Reached XP level 1. HP: 18/18 MP: 1/1
    25 | D:1      | Found Yceduax's Distillery.
   255 | D:1      | Gained mutation: You sometimes gain a little power by
                  | taking damage. [demonic ancestry]
   255 | D:1      | Reached XP level 2. HP: 20/24 MP: 2/2
   556 | D:1      | Slain by a kobold

Illustrated notes

Levels and vault maps discovered:
D:1:      heliophobic_arrival_battle_scene, layout_basic, serial_shops,
          shop_statue

Skill      XL: |  1 |
---------------+----+-----
Axes           | 3 |  3.0
Fighting       | |  3.3
Armour         | |  1.8
Dodging        | |  1.9

Action                   || total
-------------------------++-------
Melee: Hand axe          ||    34
Armor: Animal skin       ||    11
Dodge: Dodged            ||    27

Table legend: (Time is in decaauts)
 A = Elapsed time spent in this place.
 B = Non-inter-level travel time spent in this place.
 C = Inter-level travel time spent in this place.
 D = Time resting spent in this place.
 E = Time spent auto-exploring this place.
 F = Levels seen in this place.
 G = Mean time per level.
                   A        B        C        D        E       F      G
               +--------+--------+--------+--------+--------+-----+--------+
         Total |    561 |    558 |      3 |      0 |    463 |   1 |  561.0 |
       Dungeon |    561 |    558 |      3 |      0 |    463 |   1 |  561.0 |
               +--------+--------+--------+--------+--------+-----+--------+

Top non-repeatable levels by time:
     D:1: 561 daAuts
